 Dungeon Crawl Stone Soup version 0.28-a0-1435-g82390b3a13 (webtiles) character file.

Game seed: 3368340411188987127

17691 Lekart the Fighter (level 12, -3/106 HPs)
             Began as a Grey Draconian Fighter on Jan 9, 2022.
             Was a Priest of Dithmenos.
             Slain by Rupert (33 damage)
             ... on level 12 of the Dungeon.
             The game lasted 00:23:35 (14459 turns).

Lekart the Fighter (Grey Draconian Fighter)        Turns: 14459, Time: 00:23:36

Health: -3/106     AC: 19    Str: 25    XL:     12   Next: 21%
Magic:  19/19      EV: 21    Int:  9    God:    Dithmenos [***...]
Gold:   1352       SH:  6    Dex: 17    Spells: 11/11 levels left

rFire   . . .      SeeInvis .   o - +2 dagger (venom)
rCold   . . .      Faith    .   b - +0 buckler
rNeg    . . .      Spirit   .   (armour unavailable)
rPois   .          Reflect  .   (helmet restricted)
rElec   .          Harm     .   y - +2 cloak {Will+}
rCorr   .          Rampage  .   r - +1 pair of gloves
Will    +....                   l - +0 pair of boots
Stlth   +++++.....              (no amulet)
HPRegen 0.27/turn               f - +6 ring of strength
MPRegen 0.16/turn               H - +4 ring of evasion

@: flying, wreathed by umbra
A: AC +13, amphibious, unfitting armour, cold-blooded, big wings, thin skeletal
structure 1, sense surroundings 1
a: Renounce Religion, Shadow Step


You were on level 12 of the Dungeon.
You worshipped Dithmenos.
Dithmenos was most pleased with you.
You visited 2 branches of the dungeon, and saw 13 of its levels.

You collected 1352 gold pieces.

Inventory:

Hand Weapons
 a - a +0 long sword
 o - a +2 dagger of venom (weapon)
 t - a +5 dagger
Missiles
 u - 5 javelins (quivered)
 B - 6 throwing nets
Armour
 b - a +0 buckler (worn)
 l - a +0 pair of boots (worn)
 q - a scarf of repulsion
 r - a +1 pair of gloves (worn)
 y - a +2 cloak of willpower (worn)
Jewellery
 e - a ring of positive energy
 f - a +6 ring of strength (left hand)
 n - an amulet of magic regeneration
 x - a ring of positive energy
 H - a +4 ring of evasion (right hand)
Wands
 h - a wand of paralysis (4)
 D - a wand of iceblast (19)
Scrolls
 i - 2 scrolls of magic mapping
 v - a scroll of amnesia
 A - a scroll of identify
Potions
 c - 2 potions of might
 d - 2 potions of haste
 g - 2 potions of heal wounds
 j - a potion of lignification
 k - a potion of magic
 p - 2 potions of flight
 s - 3 potions of mutation
 w - a potion of resistance
 z - a potion of attraction
 E - 2 potions of curing


   Skills:
 * Level 10.2 Fighting
 + Level 9.1(9.4) Short Blades
 + Level 3.4(6.7) Long Blades
 + Level 0.5 Throwing
 + Level 9.5 Dodging
 + Level 4.3 Stealth
 + Level 7.7 Shields
 * Level 9.6 Invocations


You had 11 spell levels left.
You didn't know any spells.
Your spell library contained the following spells:

 Spells                   Type           Power      Damage    Failure   Level
 Sublimation of Blood     Necr           0%         N/A       58%         2
 Wereblood                Tmut           0%         N/A       58%         2
 Frozen Ramparts          Ice            0%         1d2       83%         3
 Gell's Gravitas          Tloc           0%         N/A       83%         3
 Lesser Beckoning         Tloc           0%         N/A       83%         3
 Teleport Other           Tloc           0%         N/A       83%         3
 Animate Dead             Necr           0%         N/A       99%         4
 Ice Form                 Ice/Tmut       0%         N/A       99%         4
 Summon Ice Beast         Ice/Summ       0%         N/A       99%         4
 Borgnjor's Vile Clutch   Necr/Erth      0%         N/A       100%        5
 Death Channel            Necr           0%         N/A       100%        6
 Summon Hydra             Summ           0%         N/A       100%        7


Dungeon Overview and Level Annotations

Branches:
Dungeon (11/15)            Temple (1/1) D:4            Lair (0/6) D:8
    Orc (0/2) D:11

Altars:
Ashenzari
Cheibriados
Dithmenos
Elyvilon
Fedhas
Gozag
Hepliaklqana
Kikubaaqudgha
Makhleb
Nemelex Xobeh
Qazlal
Ru
Sif Muna
Trog
Uskayaw
Wu Jian
Xom
Yredelemnul
Zin
The Shining One

Shops:
D:3 =   D:4 [   D:5 *   D:7 *

Annotations:
D:4 exclusion: downstairs
D:6 2 transporters
D:7 exclusion: downstairs
D:8 1 transporter, anet's ghost, novice HOCj
D:9 exclusion: downstairs
D:12 Rupert


Innate Abilities, Weirdness & Mutations

Your dull iron-grey scales are very hard. (AC +13)
You are amphibious.
You cannot fit into any form of body armour.
You are cold-blooded and may be slowed by cold attacks.
Your large and strong wings let you fly.
You have a somewhat thin skeletal structure. (Dex +2, Stealth+)
You passively map a small area around you.


Message History

Rupert hits you with a +6 battleaxe of flaming.
Rupert burns you.
You completely miss Rupert. You tail-slap Rupert.
Rupert is heavily wounded.
Rupert hits you with a +6 battleaxe of flaming.
Rupert burns you.
You hit Rupert but do no damage.
Rupert looks as sick as possible!
Your tail-slap misses Rupert.
Rupert is heavily wounded.
You closely miss Rupert.
Rupert is heavily wounded.
Rupert roars madly and goes into a rage!
Rupert goes berserk!
You block Rupert's attack.
Rupert hits you with a +6 battleaxe of flaming!!
Rupert burns you!
Rupert hits you with a +6 battleaxe of flaming!!
* * * LOW HITPOINT WARNING * * *
Rupert burns you.
* * * LOW HITPOINT WARNING * * *
Okay, then.
Blink to where?
Press: ? - help, Dir - move target
As you read the scroll of blinking, it crumbles to dust.
Aiming: Iceblast
Press: ? - help, Shift-Dir - straight line, f - Rupert
Aim: Rupert, wielding a +6 battleaxe of flaming and wearing a +2 chain mail of willpower (severely wounded, berserk, extremely poisoned)
The mass of ice explodes!
The iceblast engulfs Rupert!
Rupert is severely wounded.
Aiming: Iceblast
Press: ? - help, Shift-Dir - straight line, f/p - Rupert
Aim: Rupert, wielding a +6 battleaxe of flaming and wearing a +2 chain mail of willpower (severely wounded, berserk, extremely poisoned, umbra)
The mass of ice explodes!
The iceblast engulfs Rupert!!
Rupert is severely wounded.
You hit Rupert but do no damage.
Rupert looks as sick as possible!
Rupert is almost dead.
You hit Rupert.
Rupert looks as sick as possible!
Rupert is almost dead.
Rupert hits you with a +6 battleaxe of flaming!!
You die...

##.##.......... , *
#............. #.............
.. #..........## ...
##....###..##*..# , , ##..##
#..#*#.## #...# #.###..#
###..# #..#...##### ...#
#.#..## ##..@........ .(.##
###.....# #...@...#### ....#
#..#....# ##.###...# ##....#
#.......###.## #...#
#.....#*# #.#.###....## #..##
##....#..# #....##....#
##..####.........
#.##.##....###
#.....#.........# ##
#.#...#...##.#####...#....###
.###..#####...##* ###.#..###


You could see Rupert (berserk, extremely poisoned).

Vanquished Creatures
  Josephine (D:10)
  Harold (D:8)
  3 two-headed ogres
  A death yak (D:11)
  A necromancer (D:10)
  An elephant (D:8)
  2 orange demons (D:11)
  An unseen horror (D:11)
  Prince Ribbit (D:7)
  3 trolls
  A meliai zombie (D:11)
  Sigmund (D:8)
  A centaur simulacrum (D:11)
  4 shadows (D:10)
  4 flying skulls
  14 yaks
  2 wyverns
  4 wraiths (D:10)
  2 basilisks (D:8)
  3 vampire mosquitoes (D:11)
  An orc warrior (D:8)
  A sky beast (D:6)
  A black bear (D:7)
  2 ogres (D:5)
  2 wolves (D:11)
  12 centaurs
  A kobold brigand (D:10)
  4 bullfrogs
  3 scorpions
  A water moccasin zombie (D:5)
  A water moccasin skeleton (D:4)
  8 killer bees
  14 wights
  3 howler monkeys
  An electric eel (D:11)
  4 centaur zombies (D:10)
  Crazy Yiuf (D:5)
  2 gnoll shamans
  A bullfrog skeleton (D:6)
  2 hounds
  A jelly (D:3)
  9 centaur skeletons
  An iguana (D:5)
  3 orc wizards
  A killer bee zombie (D:6)
  A hound zombie (D:5)
  Robin (D:2)
  4 howler monkey skeletons (D:10)
  10 adders
  10 gnolls
  An ufetubus (D:11)
  An adder zombie (D:5)
  4 worms
  A dart slug (D:1)
  21 orcs
  5 ball pythons
  2 bats (D:1)
  8 endoplasms
  13 giant cockroaches
  14 goblins
  6 hobgoblins
  8 jackals
  4 quokkas
  5 frilled lizards
  10 kobolds
  4 rats
264 creatures vanquished.

Vanquished Creatures (others)
  A fungus (D:5)
1 creature vanquished.

Grand Total: 265 creatures vanquished

Notes
Turn   | Place    | Note
-------+----------+-------------------------------------------
     0 | D:1      | Lekart the Draconian Fighter began the quest for the Orb.
     0 | D:1      | Reached XP level 1. HP: 19/19 MP: 1/1
   367 | D:1      | Reached XP level 2. HP: 25/26 MP: 2/2
   598 | D:1      | Found a faded altar of an unknown god.
   922 | D:1      | Reached XP level 3. HP: 33/33 MP: 3/3
  1128 | D:1      | Prayed at the altar of an unknown god.
  1128 | D:1      | Became a worshipper of Dithmenos the Shadowed
  1128 | D:1      | Reached * piety under Dithmenos
  1177 | D:2      | Reached skill level 4 in Fighting
  1310 | D:2      | Reached XP level 4. HP: 23/40 MP: 4/4
  1337 | D:2      | Reached skill level 1 in Invocations
  1803 | D:2      | Noticed Robin
  1854 | D:2      | Reached ** piety under Dithmenos
  2105 | D:2      | Killed Robin
  2106 | D:2      | Reached XP level 5. HP: 38/47 MP: 5/5
  2460 | D:3      | Found Otepauph's Jewellery Shop.
  3230 | D:4      | Reached *** piety under Dithmenos
  3240 | D:4      | Reached skill level 1 in Short Blades
  3240 | D:4      | Reached XP level 6. HP: 47/53 MP: 7/7
  3291 | D:4      | Found an ornate altar of the Wu Jian Council.
  3573 | D:4      | Found Qisk's Antique Armour Shoppe.
  3689 | D:4      | Found a staircase to the Ecumenical Temple.
  3846 | Temple   | Entered the Ecumenical Temple
  4068 | D:5      | Entered Level 5 of the Dungeon
  4083 | D:5      | Reached skill level 1 in Stealth
  4151 | D:5      | Noticed Sigmund
  4793 | D:4      | Your scales start taking on a dull iron-grey colour.
  4793 | D:4      | Reached XP level 7. HP: 43/60 MP: 9/9
  4907 | D:5      | Reached skill level 5 in Fighting
  5343 | D:5      | Found a bloodstained altar of Trog.
  5622 | D:5      | Found a burning altar of Makhleb.
  5702 | D:5      | Found Moofown's Assorted Antiques.
  5777 | D:5      | Found a stormy altar of Qazlal.
  5871 | D:5      | Found a runed translucent door.
  5872 | D:5      | Noticed Crazy Yiuf
  5884 | D:5      | Killed Crazy Yiuf
  6003 | D:6      | Reached XP level 8. HP: 69/69 MP: 10/10
  6197 | D:6      | Noticed a troll
  6217 | D:6      | Killed a troll
  6218 | D:6      | Reached skill level 6 in Fighting
  6218 | D:6      | Reached skill level 5 in Dodging
  6534 | D:6      | Found a transporter.
  6545 | D:6      | Noticed a kobold demonologist
  6549 | D:6      | Found a transporter.
  6641 | D:6      | Noticed a kobold demonologist
  6762 | D:7      | Found Lettocle's Assorted Antiques.
  6897 | D:7      | Noticed Prince Ribbit
  6916 | D:7      | Killed Prince Ribbit
  6917 | D:7      | Reached skill level 5 in Short Blades
  6917 | D:7      | Reached skill level 5 in Invocations
  7470 | D:8      | Noticed a two-headed ogre
  7484 | D:8      | Killed a two-headed ogre
  7485 | D:8      | Reached XP level 9. HP: 78/78 MP: 11/13
  7514 | D:8      | Found a staircase to the Lair.
  7514 | D:8      | Noticed an elephant
  7768 | D:8      | Reached skill level 7 in Fighting
  8126 | D:8      | Killed an elephant
  8127 | D:8      | Reached skill level 5 in Shields
  8322 | D:8      | Found a transporter.
  8323 | D:8      | Noticed anet's ghost (novice HOCj)
  8325 | D:8      | Identified the +10 dire flail of Ru {vorpal, Stlth+}
  8342 | D:8      | Killed Sigmund
  8637 | D:8      | Reached XP level 10. HP: 73/86 MP: 15/15
  8654 | D:8      | Noticed Harold
  8702 | D:8      | Killed Harold
  8997 | D:8      | Gained mutation: You have large cloven feet. [potion of
                  | mutation]
  8997 | D:8      | Gained mutation: You are frail. (-10% HP) [potion of
                  | mutation]
  8997 | D:8      | Gained mutation: You passively map a small area around you.
                  | [potion of mutation]
  8998 | D:8      | Lost mutation: You are frail. (-10% HP) [potion of
                  | mutation]
  8998 | D:8      | Lost mutation: You have large cloven feet. [potion of
                  | mutation]
  8998 | D:8      | Gained mutation: You have a somewhat thin skeletal
                  | structure. (Dex +2, Stealth+) [potion of mutation]
  8998 | D:8      | Gained mutation: Your large and strong wings let you fly.
                  | [potion of mutation]
  9401 | D:9      | Reached skill level 8 in Fighting
  9417 | D:9      | Found a faded altar of an unknown god.
  9476 | D:10     | Entered Level 10 of the Dungeon
  9680 | D:10     | Identified a scroll of acquirement
  9680 | D:10     | Acquired 837 gold pieces
  9691 | D:10     | Noticed a two-headed ogre
  9715 | D:10     | Killed a two-headed ogre
 10288 | D:10     | Noticed a two-headed ogre
 10298 | D:10     | Killed a two-headed ogre
 10442 | D:10     | Reached XP level 11. HP: 77/95 MP: 17/17
 10568 | D:10     | Noticed a necromancer
 10792 | D:9      | Reached skill level 9 in Fighting
 10933 | D:10     | Reached **** piety under Dithmenos
 11425 | D:10     | Noticed Josephine
 11450 | D:10     | Killed Josephine
 11684 | D:10     | HP: 7/141 [something (18)]
 12453 | D:10     | Killed a necromancer
 12656 | D:11     | Found a staircase to the Orcish Mines.
 12685 | D:11     | Noticed a death yak
 12705 | D:11     | Killed a death yak
 12913 | D:11     | Reached skill level 10 in Fighting
 13203 | D:10     | Reached XP level 12. HP: 106/106 MP: 19/19
 13926 | D:11     | HP: 5/106 [barbs]
 13928 | D:11     | You are sucked into a shaft and drop 1 floor!
 14438 | D:12     | Noticed Rupert
 14459 | D:12     | Slain by Rupert

Illustrated notes

Levels and vault maps discovered:
D:1:      dpeg_arrival_simpleton_b, layout_rooms,
          hellmonk_ecumenical_altar_crossroads, kennysheep_crisscross,
          minmay_unequal
D:2:      layout_rooms, uniq_robin
D:3:      minmay_roachtagon, layout_loops_ring, serial_shops, shop_fountains
D:4:      layout_basic, nzn_wu_jian_contemplation, lemuel_temple_firewalk_b,
          serial_shops, nicolae_square_shop, glass_columns_a
D:5:      layout_gridville, grunt_qazlal_sundering,
          mainiacjoe_overflow_catch_the_wave, serial_shops, shop, uniq_sigmund,
          uniq_crazy_yiuf_cottage
D:6:      gammafunk_wand_slinger, layout_basic, chequers_serial_rivers_marsh,
          minmay_misc_feat_five, st_stairs_14, hex_tiny, kennysheep_doodads
D:7:      layout_basic, serial_shops, nicolae_shop_crystal, chequers_jeans,
          palyth_stone_intersect, kennysheep_generic_room_11,
          uniq_prince_ribbit1
D:8:      layout_basic, david_lair_generic, gammafunk_ghost_smash, uniq_harold
D:9:      layout_irregular_city, okawaru_ov_weapons_minmay, vehumet_crystals,
          serial_column_ruins, column_ruins_hut_pillars,
          column_ruins_temple_circle, column_ruins_open_tiny,
          column_ruins_grid_1, column_ruins_grid_3, column_ruins_columns_corner
D:10:     hangedman_screamer, layout_basic
D:11:     layout_roguey, orc_0_dummy, serial_ice, serial_ice_a, serial_ice_m,
          serial_ice_d, serial_ice_h, serial_ice_k, serial_ice_g,
          minmay_beelzebubs_servants
D:12:     layout_layer_cave, minmay_the_grid_square_5x5_3x3_mashed
          [minmay_the_grid_square_5x5_checkered,
          minmay_the_grid_square_5x5_tri_point,
          minmay_the_grid_square_5x5_three_walls, minmay_the_grid_square_5x5_n,
          minmay_the_grid_square_5x5_megaprize_open,
          minmay_the_grid_square_5x5_lines, minmay_the_grid_square_5x5_corner,
          minmay_the_grid_square_5x5_inner_v,
          minmay_the_grid_square_5x5_bridge], uniq_rupert, uniq_nergalle
Temple:   eino_temple_rhombus

Skill      XL: |  1  2  3  4  5  6  7  8  9 10 11 12 |
---------------+-------------------------------------+-----
Dodging        | 3 4 5 6 8 9 |  9.5
Fighting       | 4 5 6 7 8 10 | 10.2
Invocations    | 1 2 3 5 6 8 9 |  9.6
Long Blades    | 3 |  3.4
Short Blades   | 1 2 3 5 6 7 8 9 |  9.1
Stealth        | 1 2 3 4 |  4.3
Shields        | 4 5 6 7 |  7.7
Throwing       | |  0.5

Action                   |  1- 3 |  4- 6 |  7- 9 | 10-12 || total
-------------------------+-------+-------+-------+-------++-------
Melee: Long sword        |    81 |    56 |       |       ||   137
       Tailslap          |     8 |    34 |    73 |   250 ||   365
       Dagger            |       |   200 |   398 |  1087 ||  1685
Throw: Javelin           |       |     3 |     1 |       ||     4
Invok: Shadow Step       |       |       |     3 |     3 ||     6
Evoke: Wand              |       |       |       |     2 ||     2
  Use: Scroll            |       |     1 |       |    21 ||    22
       Potion            |       |       |       |     8 ||     8
 Stab: Sleeping          |       |     2 |     1 |     8 ||    11
       Invisible         |       |       |       |     1 ||     1
       Distracted        |       |       |       |     1 ||     1
Armor: Skin              |    28 |    74 |   134 |   302 ||   538
Dodge: Dodged            |    78 |   170 |   279 |  1050 ||  1577
Block: Buckler           |    23 |    62 |    96 |   332 ||   513

Table legend: (Time is in decaauts)
 A = Elapsed time spent in this place.
 B = Non-inter-level travel time spent in this place.
 C = Inter-level travel time spent in this place.
 D = Time resting spent in this place.
 E = Time spent auto-exploring this place.
 F = Levels seen in this place.
 G = Mean time per level.
                   A        B        C        D        E       F      G
               +--------+--------+--------+--------+--------+-----+--------+
         Total |  14034 |  13661 |    373 |   3315 |   7533 |  13 | 1079.5 |
       Dungeon |  13836 |  13483 |    353 |   3315 |   7368 |  12 | 1153.0 |
        Temple |    197 |    177 |     20 |      0 |    165 |   1 |  197.0 |
               +--------+--------+--------+--------+--------+-----+--------+

Top non-repeatable levels by time:
    D:10: 2978 daAuts
     D:4: 1490 daAuts
     D:8: 1286 daAuts
     D:1: 1282 daAuts
     D:5: 1137 daAuts
     D:7: 1051 daAuts
     D:3: 986 daAuts
    D:11: 959 daAuts
     D:2: 931 daAuts
     D:6: 694 daAuts
     D:9: 525 daAuts
    D:12: 513 daAuts
  Temple: 197 daAuts
